 Dungeon Sprint DCSS version 0.17-a0-1763-g847a857 (webtiles) character file.

61 kosy22 the Ducker (level 3, 0/58 HPs)
             Began as a Troll Fighter on Sept 5, 2015.
             Was an Initiate of Nemelex Xobeh.
             Slain by a warg (5 damage)
             ... in the Dungeon (Sprint VII: "The Pits").
             The game lasted 00:01:32 (207 turns).

kosy22 the Ducker (Troll Fighter)                    Turns: 207, Time: 00:01:33

Health: 0/58       AC:  5    Str: 30    XL:     3   Next: 83%
Magic:  2/2        EV:  9    Int:  4    God:    Nemelex Xobeh [......]
Gold:   0          SH: 10    Dex:  9    Spells: 0 memorised, 2 levels left

rFire  . . .     SeeInvis .     o - +0 long sword (flame)
rCold  . . .     Clarity  .     a - +0 robe
rNeg   . . .     SustAt   .     b - +0 shield
rPois  .         Gourm    +     (helmet restricted)
rElec  .         Spirit   .     (no cloak)
rCorr  .         Warding  .     (gloves unavailable)
rMut   .         NoTele   +     (boots unavailable)
MR     .....                    (no amulet)
Stlth  ..........               (no ring)
                                (no ring)

@: mighty, berserking, very quick, not resistant to hostile enchantments,
extremely unstealthy
A: unfitting armour, claws 3, fast metabolism 3, gourmand, regeneration 2,
shaggy fur 1, tough skin 2
a: Renounce Religion


You were in the Dungeon.
You worshipped Nemelex Xobeh.
Nemelex Xobeh was noncommittal.
You were not hungry.

You visited 1 branch

Inventory:

Hand weapons
 i - a +2 quarterstaff of protection
 k - a +1 trident of piercing
 l - a +2 hand axe of freezing
 m - a +2 dagger of draining
 n - a +2 flail of protection
 o - a +0 long sword of flaming (weapon)
Armour
 a - a +0 robe (worn)
 b - a +0 shield (worn)
Magical staves
 x - an uncursed staff of energy
Scrolls
 j - a scroll of blinking
 t - 3 scrolls of remove curse
 u - 5 scrolls of amnesia
 v - a scroll of summoning
 w - 2 scrolls of vulnerability
Potions
 e - 6 potions of curing
 f - 5 potions of heal wounds
 g - a potion of haste
 h - 4 potions of magic
 r - a potion of berserk rage
 s - 2 potions of invisibility
Comestibles
 d - 9 bread rations
 p - 40 fruits
 q - 7 meat rations


   Skills:
 + Level 4.2 Fighting
 + Level 4.5 Dodging
 + Level 4.0 Shields
 + Level 2.4 Unarmed Combat


You had 2 spell levels left.
You didn't know any spells.

Dungeon Overview and Level Annotations

Branches:
Dungeon (1/1)

Altars:
Ashenzari
Cheibriados
Dithmenos
Elyvilon
Fedhas
Gozag
Kikubaaqudgha
Makhleb
Nemelex Xobeh
Okawaru
Qazlal
Ru
Sif Muna
Trog
Vehumet
Xom
Yredelemnul
Zin
The Shining One
Beogh
Jiyva
Lugonu

Annotations:
D Dowan, Duvessa


Innate Abilities, Weirdness & Mutations

You are too large for most types of armour.
You have claws for hands.
Your metabolism is lightning-fast.
You like to eat raw meat.
You heal very quickly.
You are covered in fur (AC +1).
You have very tough skin (AC +2).


Message History

The black bear closely misses you. You block the black bear's attack.
The black bear claws you but does no damage.
You slash the warg! You burn the warg.
The warg is moderately wounded.
The warg closely misses you. The goblin hits you. The black bear bites you!
You block the black bear's attack.
The black bear claws you but does no damage.
You barely miss the warg.
The warg is moderately wounded.
You block the warg's attack. Dowan hits you but does no damage.
The goblin completely misses you. You block the black bear's attack.
The black bear claws you. The black bear barely misses you.
You are too berserk!
You closely miss the warg.
The warg is moderately wounded.
The warg bites you!
* * * LOW HITPOINT WARNING * * *
Dowan barely misses you. The warg bites you.
You die...
Your body disappears without a glow.

#.###'###..##......
#.#.....#..##......
#.#.....#[[##......
#.####'##'###...<..
#.#..†.....##......
#.#........##......
#'###########......
#..gb...# #######
#.@h#...# #.eh# .#
#.##e# #.. #.. #..
... #.. ..+ ####
###


You could see Duvessa, a warg, a black bear, Dowan, a fire bat and a goblin.

Vanquished Creatures
  A quasit (D)
  A gnoll (D)
  2 ufetubi (D)
  A bat skeleton (D)
  A giant cockroach (D)
  2 jackals (D)
  2 kobolds (D)
10 creatures vanquished.

Notes
Turn   | Place    | Note
--------------------------------------------------------------
     0 | D        | kosy22 the Troll Fighter began the quest for the Orb.
     0 | D        | Reached XP level 1. HP: 22/22 MP: 0/0
    14 | D        | Reached skill level 3 in Fighting
    29 | D        | Reached XP level 2. HP: 31/31 MP: 1/1
    47 | D        | Noticed a quasit
    61 | D        | Killed a quasit
    61 | D        | Reached skill level 4 in Dodging
    61 | D        | Reached XP level 3. HP: 39/39 MP: 2/2
   139 | D        | Found a sacrificial altar of Ru.
   139 | D        | Found a shadowy altar of Dithmenos.
   139 | D        | Found a bloodstained altar of Trog.
   139 | D        | Found a deep blue altar of Sif Muna.
   139 | D        | Found a shimmering altar of Xom.
   139 | D        | Found a sparkling altar of Nemelex Xobeh.
   139 | D        | Found a corrupted altar of Lugonu.
   139 | D        | Found a viscous altar of Jiyva.
   140 | D        | Found a basalt altar of Yredelemnul.
   140 | D        | Found a burning altar of Makhleb.
   140 | D        | Found an ancient bone altar of Kikubaaqudgha.
   141 | D        | Found a glowing golden altar of the Shining One.
   141 | D        | Found a shattered altar of Ashenzari.
   141 | D        | Found a white marble altar of Elyvilon.
   141 | D        | Found a snail-covered altar of Cheibriados.
   141 | D        | Found a blossoming altar of Fedhas.
   141 | D        | Found a radiant altar of Vehumet.
   141 | D        | Found a glowing silver altar of Zin.
   141 | D        | Found a roughly hewn altar of Beogh.
   141 | D        | Found an iron altar of Okawaru.
   146 | D        | Became a worshipper of Nemelex Xobeh the Trickster
   172 | D        | Found a stormy altar of Qazlal.
   172 | D        | Found an opulent altar of Gozag.
   196 | D        | Noticed a fire bat
   196 | D        | Noticed Dowan
   198 | D        | Noticed a warg
   199 | D        | Noticed a black bear
   200 | D        | Noticed Duvessa
   207 | D        | Slain by a warg

Vault maps used:
D:        pitsprint

Action                   || total
-------------------------++-------
Melee: Unarmed           ||    31
       Long sword        ||     4
  Use: Potion            ||     4
